 Dungeon Sprint DCSS version 0.31-a0-486-g8d68a81214 (webtiles) character file.

Game seed: 5890457754765755946

7007 Midn8 the Brawler (level 10, -4/115 HPs)
             Began as a Troll Gladiator on Aug 8, 2023.
             Was a High Priest of Okawaru.
             Slain by a 12-headed hydra (13 damage)
             ... while paralysed by a floating eye
             ... in the Dungeon (Sprint I: "Red Sonja").
             The game lasted 00:05:16 (599 turns).

Midn8 the Brawler (Troll Gladiator)                  Turns: 599, Time: 00:05:16

Health: -4/115     AC:  6    Str: 24    XL:     10   Next: 82%
Magic:  10/12      EV:  1    Int:  4    God:    Okawaru [*****.]
Gold:   395        SH:  0    Dex: 15    Spells: 9/9 levels left

rFire   . .          .
                       - Unarmed
rCold   . . .        (no shield)
rNeg    . . .        a - melded +0 robe
rPois   .            b - +0 hat
rElec   .            (no cloak)
rCorr   .            (gloves unavailable)
SInv    .            (boots unavailable)
Will    .....        (no amulet)
Stlth   +++          p - +4 ring of protection
HPRegen 1.19/turn    (no ring)
MPRegen 0.13/turn

%: no teleportation
@: paralysed, maw-form, heroic
A: devouring maw, large, unfitting armour, claws 3, regeneration 1, shaggy fur
1, tough skin 1
a: Begin Untransformation, Renounce Religion, Heroism, Finesse


You were in the Dungeon.
You worshipped Okawaru.
Okawaru was extremely pleased with you.
You were a creature with a mouth for a stomach.
You visited 1 branch You collected 791 gold pieces.
You spent 396 gold pieces at shops.

Inventory:

Missiles
 c - 2 throwing nets
 d - a large rock (quivered)
 q - 2 poisoned darts
Armour
 a - a +0 robe (melded)
 b - a +0 hat (worn)
 m - a +0 troll leather armour
 r - the +10 tower shield of Ignorance {rN+ Int-4}
   (Okawaru gifted it to you in the Dungeon)

   Int:       It affects your intelligence (-4).
   rN:        It protects you from negative energy.
Jewellery
 p - a +4 ring of protection (left claw)
Talismans
 l - a maw talisman (active)
Wands
 k - a wand of paralysis (5)
Scrolls
 i - a scroll of identify {unknown}
 j - a scroll of blinking
 n - a scroll of butterflies {unknown}
Potions
 e - a potion of curing
 f - a potion of heal wounds
 g - a potion of haste
 h - 2 potions of magic
 o - a potion of attraction {unknown}


   Skills:
 - Level 12.0(17.0) Fighting
 - Level 1.7(6.7) Throwing
 - Level 6.0(11.0) Dodging
 - Level 2.2(7.2) Shields
 + Level 18.0(23.0) Unarmed Combat
 - Level 4.0 Invocations
 - Level 9.0 Shapeshifting


You had 9 spell levels left.
You didn't know any spells.
Your spell library was empty.

Dungeon Overview and Level Annotations

Branches:
Dungeon (1/1)

Altars:
Cheibriados
Dithmenos
Elyvilon
Fedhas
Gozag
Hepliaklqana
Kikubaaqudgha
Makhleb
Nemelex Xobeh
Okawaru
Qazlal
Ru
Sif Muna
Trog
Uskayaw
Vehumet
Wu Jian
Xom
Yredelemnul
Zin
The Shining One
Jiyva
Lugonu

Shops:
D *=


Innate Abilities, Weirdness & Mutations

You are a creature with a mouth for a stomach.
Your midsection houses a second, enormous mouth.
You are too large for most types of armour.
You have claws for hands.
Your natural rate of healing is unusually fast.
You are covered in fur. (AC +1)
You have tough skin. (AC +1)


Message History

Okawaru accepts your kill.
Training target 12.0 for Fighting reached!
Your Fighting skill increases to level 12!
You need to enable at least one skill for training.
You mangle the hog!!
The hog is heavily wounded.
The hog barely misses you.
You eviscerate the hog!!!
You kill the hog!
Okawaru accepts your kill.
Your Shields skill gained 2 levels and is now at level 2!
r - the +10 tower shield of Ignorance {rN+ Int-4}
There is an open door, spattered with blood here.
Items here: ††††.
Search for what [Enter for "rpois", or ? for help]? shield You open the door.
A 12-headed hydra and a floating eye come into view.
The 12-headed hydra roars!
The floating eye turns its gaze towards you.
Found 54 gold pieces.
You gain the combat prowess of a mighty hero.
The floating eye's stare focuses on you.
The 12-headed hydra barely misses you. The 12-headed hydra closely misses you.
The 12-headed hydra misses you. The 12-headed hydra bites you. x2
The 12-headed hydra bites you! x2; The 12-headed hydra misses you. x2
The 12-headed hydra bites you! The 12-headed hydra barely misses you.
The 12-headed hydra closely misses you.
Okay, then.
You fail to use your ability.
The floating eye gazes piercingly through you!
You suddenly lose the ability to move!
The 12-headed hydra bites you! x3
The 12-headed hydra bites you but does no damage.
The 12-headed hydra bites you! x2
* * * LOW HITPOINT WARNING * * *
The 12-headed hydra bites you!
* * * LOW HITPOINT WARNING * * *
The 12-headed hydra bites you.
* * * LOW HITPOINT WARNING * * *
The 12-headed hydra bites you!
You die...

#####################
..#..#§§.§§.§.§§WDG$#
.§##'#§####§§§§§##§.+
..'..#.# ##..§## ##
###§§'.# ###+#
##+#### #.)...#
#.°○○.+ ###°°.# #..°#


You could see a 12-headed hydra and a floating eye.

Vanquished Creatures
  4 demonic crawlers (D)
  Sonja (D)
  A deep troll (D)
  A lindwurm (D)
  A gargoyle (D)
  2 kobold demonologists (D)
  A slime creature (D)
  Sigmund (D)
  A yak (D)
  13 hogs (D)
  A floating eye (D)
  An ogre (D)
  A jelly (D)
  Ijyb (D)
30 creatures vanquished.

Notes
Turn   | Place    | Note
-------+----------+-------------------------------------------
     0 | D        | Midn8 the Troll Gladiator began the quest for the Orb.
     0 | D        | Reached XP level 1. HP: 19/19 MP: 0/0
     2 | D        | Noticed Ijyb
     2 | D        | Paralysed by Ijyb for 5 turns
    11 | D        | Killed Ijyb
    12 | D        | Reached skill level 6 in Unarmed Combat
    12 | D        | Reached XP level 2. HP: 9/27 MP: 1/1
    30 | D        | Noticed an ogre
    36 | D        | Killed an ogre
    37 | D        | Reached skill level 8 in Unarmed Combat
    37 | D        | Reached XP level 3. HP: 39/39 MP: 2/2
    37 | D        | Reached XP level 4. HP: 48/48 MP: 3/3
    48 | D        | Noticed Sigmund
    57 | D        | Killed Sigmund
    58 | D        | Reached skill level 11 in Unarmed Combat
    58 | D        | Reached XP level 5. HP: 42/54 MP: 4/4
    58 | D        | Reached XP level 6. HP: 49/62 MP: 5/5
    81 | D        | Found a shimmering blue altar of Sif Muna.
    82 | D        | Found an ornate altar of the Wu Jian Council.
    83 | D        | Found a radiant altar of Vehumet.
    88 | D        | Reached skill level 12 in Unarmed Combat
   119 | D        | Found Yroschi's Jewellery Emporium.
   119 | D        | Found an ancient bone altar of Kikubaaqudgha.
   119 | D        | Found a hazy altar of Hepliaklqana.
   119 | D        | Found a stormy altar of Qazlal.
   119 | D        | Found a hide-covered altar of Uskayaw.
   119 | D        | Found a blossoming altar of Fedhas.
   119 | D        | Found a bloodstained altar of Trog.
   119 | D        | Found an iron altar of Okawaru.
   119 | D        | Found a basalt altar of Yredelemnul.
   119 | D        | Found a glowing golden altar of the Shining One.
   119 | D        | Found a snail-covered altar of Cheibriados.
   119 | D        | Found a sacrificial altar of Ru.
   119 | D        | Found a glowing silver altar of Zin.
   119 | D        | Found a shadowy altar of Dithmenos.
   119 | D        | Found a white marble altar of Elyvilon.
   119 | D        | Noticed a yak
   120 | D        | Found an opulent altar of Gozag.
   124 | D        | Killed a yak
   125 | D        | Found a sparkling altar of Nemelex Xobeh.
   130 | D        | Became a worshipper of Warmaster Okawaru
   150 | D        | Found a burning altar of Makhleb.
   150 | D        | Found a viscous altar of Jiyva.
   150 | D        | Found a shimmering altar of Xom.
   150 | D        | Found a corrupted altar of Lugonu.
   150 | D        | Noticed a slime creature
   160 | D        | Killed a slime creature
   161 | D        | Reached XP level 7. HP: 33/70 MP: 6/6
   206 | D        | Noticed Sonja
   211 | D        | Killed Sonja
   211 | D        | Reached * piety under Okawaru
   212 | D        | Reached XP level 8. HP: 87/87 MP: 7/7
   233 | D        | Found Wiuci's General Store.
   253 | D        | Noticed a deep troll
   258 | D        | Killed a deep troll
   258 | D        | Reached ** piety under Okawaru
   259 | D        | Reached skill level 14 in Unarmed Combat
   350 | D        | Bought a +4 ring of protection for 396 gold pieces
   367 | D        | Noticed a kobold demonologist
   367 | D        | Noticed a kobold demonologist
   371 | D        | Killed a kobold demonologist
   372 | D        | Reached XP level 9. HP: 92/93 MP: 5/11
   376 | D        | Killed a kobold demonologist
   376 | D        | Reached *** piety under Okawaru
   377 | D        | Reached skill level 5 in Dodging
   424 | D        | Noticed a demonic crawler
   424 | D        | Noticed a demonic crawler
   424 | D        | Noticed a demonic crawler
   424 | D        | Noticed a demonic crawler
   429 | D        | Killed a demonic crawler
   430 | D        | Reached skill level 15 in Unarmed Combat
   434 | D        | Killed a demonic crawler
   434 | D        | Reached **** piety under Okawaru
   435 | D        | Reached skill level 16 in Unarmed Combat
   435 | D        | Killed a demonic crawler
   436 | D        | Reached skill level 17 in Unarmed Combat
   436 | D        | Reached XP level 10. HP: 29/102 MP: 9/12
   438 | D        | Killed a demonic crawler
   439 | D        | Reached skill level 18 in Unarmed Combat
   510 | D        | Noticed a lindwurm
   515 | D        | Killed a lindwurm
   540 | D        | Noticed a gargoyle
   543 | D        | Killed a gargoyle
   543 | D        | Reached ***** piety under Okawaru
   567 | D        | Reached skill level 10 in Fighting
   572 | D        | Received a gift from Okawaru
   572 | D        | Found the +10 tower shield of Ignorance {rN+ Int-4}
   597 | D        | Noticed a 12-headed hydra
   599 | D        | Paralysed by a floating eye for 4 turns
   599 | D        | Slain by a 12-headed hydra

Illustrated notes

Levels and vault maps discovered:
D:        dungeon_sprint_1 [red_sonja_temple_1, red_sonja_temple_small_1]

Skill      XL: |  1  2  3  4  5  6  7  8  9 10 |
---------------+-------------------------------+-----
Unarmed Combat | 6 8 11 12 14 17 18 | 18.0
Fighting       | 4 7 12 | 12.0
Shapeshifting  | 7 9 |  9.0
Invocations    | 4 |  4.0
Dodging        | 3 6 |  6.0
Shields        | 2 |  2.2
Throwing       | |  1.7

Action                     |  1- 3 |  4- 6 |  7- 9 | 10-12 || total
---------------------------+-------+-------+-------+-------++-------
  Melee: Unarmed           |     9 |    23 |    22 |    33 ||    87
         Punch             |       |     1 |     2 |     6 ||     9
         Maw               |       |       |     1 |     7 ||     8
  Throw: Throwing net      |     1 |       |       |       ||     1
         Large rock        |       |       |       |     1 ||     1
 Invoke: Heroism           |       |       |     2 |     1 ||     3
  Evoke: Wand              |       |       |     2 |       ||     2
    Use: Potion            |       |       |     1 |       ||     1
   Stab: Sleeping          |       |     1 |       |       ||     1
         Paralysed         |       |       |     2 |       ||     2
 Armour: Robe              |       |     2 |       |       ||     2
         Skin              |       |       |     4 |     3 ||     7
  Dodge: Dodged            |     1 |     3 |    14 |    20 ||    38
   Form: Maw               |       |       |     1 |       ||     1

Table legend: (Time is in decaauts)
 A = Elapsed time spent in this place.
 B = Non-inter-level travel time spent in this place.
 C = Inter-level travel time spent in this place.
 D = Time resting spent in this place.
 E = Time spent auto-exploring this place.
 F = Levels seen in this place.
 G = Mean time per level.
                   A        B        C        D        E       F      G
               +--------+--------+--------+--------+--------+-----+--------+
         Total |    586 |    571 |     15 |    228 |      0 |   1 |  586.0 |
       Dungeon |    586 |    571 |     15 |    228 |      0 |   1 |  586.0 |
               +--------+--------+--------+--------+--------+-----+--------+

Top non-repeatable levels by time:
       D: 586 daAuts
